 Dungeon Crawl Stone Soup version 0.31-a0-251-gdc1e01ee57 (webtiles) character file.

Game seed: 10815435073979047042

104 qw the Shooter (level 4, 0/26 HPs)
             Began as a Gargoyle Hexslinger on July 12, 2023.
             Slain by Sigmund
             ... wielding a +0 scythe
              (4 damage)
             ... on level 2 of the Dungeon.
             The game lasted 00:00:48 (1599 turns).

qw the Shooter (Gargoyle Hexslinger)                Turns: 1599, Time: 00:00:49

Health: 0/26       AC:  8    Str: 11    XL:     4   Next: 80%
Magic:  5/5        EV: 11    Int: 14    God:
Gold:   141        SH:  0    Dex: 14    Spells: 4/5 levels left

rFire   . . .        Y - +1 sling
rCold   + . .        (no shield)
rNeg    + . .        e - +1 leather armour {rC+}
rPois   inf          (no helmet)
rElec   +            b - +0 cloak
rCorr   .            (no gloves)
SInv    .            (no boots)
Will    .....        (no amulet)
Stlth   +            (no ring)
HPRegen 0.24/turn    (no ring)
MPRegen 0.09/turn

%: no passive effects
@: no status effects
A: sickness immunity, AC +3, negative energy resistance 1, electricity
resistance, torment resistance 1, petrification resistance
a: no special abilities


You were on level 2 of the Dungeon.
You visited 1 branch of the dungeon, and saw 3 of its levels.

You collected 141 gold pieces.


Innate Abilities, Weirdness & Mutations

You are immune to sickness and miasma.
Your stone body is resilient. (AC +3)
You are immune to poison.
You resist negative energy. (rN+)
You are resistant to electric shocks. (rElec)
You are resistant to unholy torment.
You are immune to petrification.


   Skills:
 - Level 2.0 Fighting
 + Level 4.5 Ranged Weapons
 - Level 1.5 Dodging
 - Level 1.0 Spellcasting
 - Level 2.6 Hexes


You had 4 spell levels left.
You knew the following spells:

 Your Spells              Type           Power      Damage    Failure   Level
a - Slow                  Hex            32%        N/A       12%         1

Your spell library contained the following spells:

 Spells                   Type           Power      Damage    Failure   Level
 Inner Flame              Hex/Fire       4%         N/A       52%         3
 Portal Projectile        Hex/Tloc       8%         N/A       52%         3
 Cause Fear               Hex            4%         N/A       75%         4

Inventory:

Hand Weapons
 Y - a +1 sling (weapon)
Armour
 b - a +0 cloak (worn)
 e - a +1 leather armour of cold resistance (worn)
Scrolls
 a - 3 scrolls of teleportation
 j - a scroll of identify
Potions
 d - a potion of curing
 g - a potion of brilliance {unknown}
 h - a potion of haste
 i - a potion of resistance {unknown}
 k - a potion of heal wounds {unknown}

Dungeon Overview and Level Annotations

Branches:
Dungeon (3/15)

Altars:

Annotations:
D:2 Sigmund


Message History

You shoot a sling bullet.
The sling bullet closely misses Sigmund.
The bat barely misses you. Sigmund barely misses you.
You shoot a sling bullet. The sling bullet hits Sigmund.
Sigmund is severely wounded.
The bat hits you but does no damage. The bat closely misses you.
You shoot a sling bullet.
The sling bullet closely misses Sigmund.
The bat hits you but does no damage. Sigmund hits you with a +0 scythe.
You shoot a sling bullet.
The sling bullet closely misses Sigmund.
You feel yourself slow down. The bat barely misses you.
You shoot a sling bullet. The sling bullet barely misses Sigmund.
The bat hits you but does no damage. Sigmund hits you with a +0 scythe!
You shoot a sling bullet. The sling bullet barely misses Sigmund.
The bat hits you but does no damage. Sigmund closely misses you.
You shoot a sling bullet. The sling bullet hits Sigmund.
Sigmund is almost dead.
The bat misses you. Sigmund casts a spell at you. The puff of flame misses you.
You shoot a sling bullet.
The sling bullet hits Sigmund but does no damage.
Sigmund is almost dead.
The bat misses you.
Sigmund points at you and mumbles some strange words.
The magic dart hits you.
You shoot a sling bullet.
The sling bullet closely misses Sigmund.
The bat hits you but does no damage. Sigmund gestures at you while chanting.
You resist with some effort. The bat hits you but does no damage.
You shoot a sling bullet. The sling bullet hits Sigmund.
Sigmund is almost dead.
The bat misses you. The bat closely misses you. Sigmund casts a spell at you.
The puff of flame hits you. The bat hits you but does no damage.
Sigmund hits you with a +0 scythe.
You die...

# #.....##.....######..## #
#......#.######........ #
#######........# ##.###.### #
#...........#### ##..# #.#..
#...........# #####..####.#.#
#.........### #.....## #.....
#.........#####.##### #.....
#.........##b@....######.....
#.........##@................
#.........##......######.%...
#......)..##......# #.....
#.........##......# #.....
############......# #..###
#......# #..... #......#
#.#### ######## #..... ######


You could see Sigmund and a bat.

Vanquished Creatures
  5 adders
  3 dart slugs (D:2)
  2 ball pythons (D:1)
  5 bats
  3 endoplasms
  6 giant cockroaches
  4 goblins
  3 hobgoblins
  3 jackals (D:1)
  7 kobolds
  A quokka (D:2)
  6 frilled lizards
  6 rats
54 creatures vanquished.

Notes
Turn   | Place    | Note
-------+----------+-------------------------------------------
     0 | D:1      | qw the Gargoyle Hexslinger began the quest for the Orb.
     0 | D:1      | Reached XP level 1. HP: 12/12 MP: 2/2
     0 | D:1      | 0 ||| qw: Version: 0.3-a-52-g30416fa
     0 | D:1      | 0 ||| qw: Game counter: 6588
     0 | D:1      | 0 ||| qw: Melee chars always use a shield: true
     0 | D:1      | 0 ||| qw: God list: Okawaru
     0 | D:1      | 0 ||| qw: Allow faded altars: false
     0 | D:1      | 0 ||| qw: Do Orc after clearing Dungeon:15 true
     0 | D:1      | 0 ||| qw: Do second Lair branch before Depths: true
     0 | D:1      | 0 ||| qw: Lair rune preference: random
     0 | D:1      | 0 ||| qw: Goals: Normal
     0 | D:1      | 0 ||| PLANNING D:1-11
   136 | D:1      | Reached XP level 2. HP: 16/16 MP: 3/3
   208 | D:1      | Reached skill level 3 in Ranged Weapons
   453 | D:1      | Reached XP level 3. HP: 21/21 MP: 4/4
   563 | D:1      | 563 ||| READING 4 scrolls labelled SOAGAJ FAOFYNN.
   567 | D:1      | 567 ||| READING scroll labelled HULLAE NIXZISUWK.
   568 | D:1      | 568 ||| READING 2 scrolls labelled BIEWIO TUUCO.
   569 | D:1      | 569 ||| READING scroll labelled AROUFU RACACVIO.
   570 | D:1      | 570 ||| DROPPING scroll of poison.
   571 | D:1      | 571 ||| DROPPING scroll of noise.
   604 | D:2      | 604 ||| STAIRDANCE
   786 | D:2      | 786 ||| Stepping ~*~*~tactically~*~*~ (outnumbered).
   803 | D:2      | Reached XP level 4. HP: 23/26 MP: 5/5
   936 | D:2      | Reached skill level 4 in Ranged Weapons
   968 | D:2      | Found a faded altar of an unknown god.
  1520 | D:2      | 1520 ||| UPGRADING to +0 cloak.
  1525 | D:2      | 1525 ||| UPGRADING to +1 leather armour of cold resistance.
  1535 | D:2      | 1535 ||| DROPPING +0 robe.
  1536 | D:2      | 1536 ||| READING 3 scrolls labelled IRGHUIXUONT.
  1537 | D:2      | 1537 ||| READING 3 scrolls labelled KUTHRI CADU.
  1538 | D:2      | 1538 ||| DRINKING 2 brown potions.
  1539 | D:2      | 1539 ||| DRINKING 2 sapphire potions.
  1540 | D:2      | 1540 ||| READING 2 scrolls of identify.
  1540 | D:2      | 1540 ||| IDENTIFYING ruby potion
  1541 | D:2      | 1541 ||| DROPPING potion of degeneration.
  1542 | D:2      | 1542 ||| DROPPING 2 scrolls of amnesia.
  1575 | D:3      | Noticed Sigmund
  1580 | D:3      | 1580 ||| STAIRDANCE
  1599 | D:2      | HP: 4/26 [Sigmund/puff of flame (5)]
  1599 | D:2      | Slain by Sigmund

Levels and vault maps discovered:
D:1:      roderic_dead_forest, layout_basic, minmay_worlds_worst_comb
D:2:      minmay_evil_eye, layout_basic,
          shapermc_ecumenical_altar_mp_ritualfount, minmay_split_cup_large
D:3:      layout_rooms, tso_altar, old_standard_altar, grunt_qazlal_clouds,
          ebering_ghost_rock_garden, uniq_sigmund, uniq_ijyb

Skill      XL: |  1  2  3  4 |
---------------+-------------+-----
Ranged Weapons | 3 4 |  4.5
Fighting       | 2 |  2.0
Dodging        | |  1.5
Spellcasting   | |  1.0
Hexes          | |  2.6

Action                     |  1- 3 |  4- 6 || total
---------------------------+-------+-------++-------
   Fire: Sling             |   109 |    87 ||   196
    Use: Scroll            |     4 |     3 ||     7
         Potion            |       |     2 ||     2
 Armour: Robe              |    20 |    16 ||    36
         Leather armour    |       |    16 ||    16
  Dodge: Dodged            |    35 |    37 ||    72

Table legend:
 A = Non-vault XP
 B = Vault XP
 C = Vault XP percentage of total XP
 D = Non-vault monster count
 E = Vault monster count
 F = Vault count percentage of total count
                 A         B        C        D         E       F
            +---------+---------+-------+---------+---------+-------
      Total |     105 |      44 |  29.5 |      42 |      12 |  22.2
            +---------+---------+-------+---------+---------+-------
        D:1 |      49 |       6 |  10.9 |      22 |       3 |  12.0
        D:2 |      56 |      38 |  40.4 |      20 |       9 |  31.0
            +---------+---------+-------+---------+---------+-------
